 Dungeon Crawl Stone Soup version 0.31-a0-162-gc4c5a43528 (webtiles) character file.

Game seed: 15790715337168450241

158 IndexError the Magician (level 5, -3/35 HPs)
             Began as a Djinni Fire Elementalist on June 13, 2023.
             Slain by a gnoll
             ... wielding a +0 whip
              (7 damage)
             ... on level 3 of the Dungeon.
             The game lasted 00:03:15 (2336 turns).

IndexError the Magician (Djinni Fire Elementalist)  Turns: 2336, Time: 00:03:15

Health: -3/35      AC:  4    Str:  7    XL:     5   Next: 66%
Gold:   71         EV: 12    Int: 18    God:
                   SH:  0    Dex: 14

rFire   + + +        d - +0 dagger
rCold   x . .        (no shield)
rNeg    . . .        o - +2 robe {rF+}
rPois   ∞            (no helmet)
rElec   .            (no cloak)
rCorr   .            (no gloves)
SInv    .            (boots unavailable)
Will    .....        (no amulet)
Stlth   ++           (no ring)
HPRegen 0.25/turn    (no ring)
MPRegen 0.00/turn

%: infuse magic (-4 HP)
@: flying
A: sickness immunity, fire resistance 2, cold vulnerability 1, float, innate
caster, HP casting, extra vitality 1
a: no special abilities


You were on level 3 of the Dungeon.
You visited 1 branch of the dungeon, and saw 3 of its levels.

You collected 71 gold pieces.

Inventory:

Hand Weapons
 d - a +0 dagger (weapon)
   (You found it on level 1 of the Dungeon)
Armour
 o - a +2 robe of fire resistance (worn)
   (You took it off Jessica on level 2 of the Dungeon)
Jewellery
 j - a ring of willpower
   (You found it on level 2 of the Dungeon)
Wands
 m - a wand of digging (2)
   (You took it off Jessica on level 2 of the Dungeon)
Scrolls
 b - a scroll of amnesia {unknown}
 c - a scroll of fog {unknown}
 f - 3 scrolls of identify {unknown}
 h - a scroll of blinking {unknown}
 k - a scroll of teleportation {unknown}
 l - 2 scrolls of revelation {unknown}
 q - a scroll of torment {unknown}
Potions
 a - a potion of heal wounds {unknown}
 e - a potion of magic {unknown}
 g - a potion of degeneration {unknown}
 i - a potion of cancellation {unknown}
 n - 2 potions of might {unknown}
 p - a potion of curing {unknown}


   Skills:
 - Level 2.1 Dodging
 - Level 1.5 Stealth
 + Level 4.8 Spellcasting
 + Level 4.8 Conjurations
 + Level 4.8 Hexes
   Level 0.0 Charms
 + Level 4.8 Summonings
 + Level 4.8 Necromancy
 + Level 4.8 Translocations
 + Level 4.8 Transmutations
 + Level 4.8 Fire Magic
 + Level 4.8 Ice Magic
 + Level 4.8 Air Magic
 + Level 4.8 Earth Magic
 + Level 4.8 Poison Magic


You knew the following spells:

 Your Spells              Type           Power      Damage    Failure   Level
a - Foxfire               Conj/Fire      84%        2x1d8     1%          1
b - Scorch                Fire           42%        2d7       2%          2
c - Volatile Blastmotes   Fire/Tloc      42%        2d13      5%          3
d - Inner Flame           Hex/Fire       21%        N/A       5%          3
e - Flame Wave            Conj/Fire      21%        2d8       19%         4
f - Shock                 Conj/Air       84%        1d8       1%          1
g - Static Discharge      Conj/Air       42%        2-4/arc   2%          2
Your spell library was empty.

Dungeon Overview and Level Annotations

Branches:
Dungeon (3/15)

Altars:

Shops:
D:3 [


Innate Abilities, Weirdness & Mutations

You are immune to sickness and miasma.
You are immune to poison.
Your flesh is very heat resistant. (rF++)
You are vulnerable to cold. (rC-)
You float through the air rather than walking.
You learn spells naturally, not from books.
Your magical power is your life essence.
You have superior vitality. (+4 MHP)


Message History

2 gnolls come into view.
You hear the slow rusting of a drain nearby.
The gnoll shouts!
A ball python comes into view.
The foxfire hits the gnoll.
There are monsters nearby!
You conjure some foxfire!
You conjure some foxfire!
The foxfire hits the gnoll.
The foxfire hits the gnoll but does no damage.
You take 1 damage, and have 32/35 hp.
You conjure some foxfire!
The foxfire hits the ball python.
The foxfire hits the gnoll.
You take 1 damage, and have 31/35 hp.
You conjure some foxfire!
The foxfire hits the gnoll!
The foxfire hits the gnoll.
You take 1 damage, and have 30/35 hp.
You conjure some foxfire!
The foxfire hits the gnoll.
You conjure some foxfire!
You take 1 damage, and have 29/35 hp.
You conjure some foxfire!
You take 1 damage, and have 28/35 hp.
A rat comes into view.
You see here a +0 ring mail.
You conjure some foxfire!
You conjure some foxfire!
The foxfire hits the rat.
You take 1 damage, and have 28/35 hp.
You conjure some foxfire!
You take 1 damage, and have 27/35 hp.
You see here a rat corpse.
A gnoll comes into view. It is wielding a +0 flail.
A gnoll is nearby!
You conjure some foxfire!
You take 1 damage, and have 27/35 hp.
You conjure some foxfire!
You take 1 damage, and have 26/35 hp.
You conjure some foxfire!
The foxfire hits the gnoll.
The gnoll shouts!
The foxfire hits the gnoll.
You take 1 damage, and have 25/35 hp.
You conjure some foxfire!
A gnoll comes into view. It is wielding a +0 flail.
The foxfire hits the gnoll.
You conjure some foxfire!
The foxfire hits the gnoll.
You take 1 damage, and have 24/35 hp.
You conjure some foxfire!
A gnoll comes into view. It is wielding a +0 whip.
A gnoll comes into view. It is wielding a +0 halberd.
You take 1 damage, and have 23/35 hp.
There is not enough space to conjure foxfire!
There is not enough space to conjure foxfire!
There is not enough space to conjure foxfire!
A gnoll comes into view. It is wielding a +0 whip.
The foxfire hits the gnoll.
The foxfire hits the gnoll!
You see here a rat corpse.
You see here a +0 ring mail.
You miscast Foxfire.
You are very lightly contaminated with residual magic.
Nothing appears to happen.
You take 1 damage, and have 23/35 hp.
You conjure some foxfire!
The gnoll hits you with a +0 whip.
You take 3 damage, and have 20/35 hp.
You are too injured to fight recklessly!
You are too injured to fight recklessly!
The foxfire hits the gnoll.
The gnoll barely misses you. The gnoll attacks as you move away!
The gnoll hits you with a +0 whip.
You take 5 damage, and have 15/35 hp.
Casting: Foxfire (safe; 1% risk of failure)
Confirm with . or Enter, or press ? or * to list all spells.
You miscast Scorch.
Nothing appears to happen.
The gnoll misses you.
You take 2 damage, and have 13/35 hp.
Casting: Scorch (safe; 3% risk of failure)
Confirm with . or Enter, or press ? or * to list all spells.
Flames lash the gnoll.
The gnoll hits you with a +0 whip!
* * * LOW HITPOINT WARNING * * *
You take 8 damage, and have 5/35 hp.
MASSIVE DAMAGE!!
You see here 5 stones.
The gnoll barely misses you. The gnoll misses you.
Your magical contamination has completely faded away.
The gnoll attacks as you move away! The gnoll hits you with a +0 whip.
* * * LOW HITPOINT WARNING * * *
You take 4 damage, and have 3/35 hp.
There is a stone staircase leading down here.
The gnoll attacks as you move away! The gnoll misses you.
You hear the slow rusting of a drain nearby.
There is a stone staircase leading up here.
The gnoll hits you with a +0 whip!
You die...

#.# #.# #.#
#.##### .....?.
#.....# #.g....
#.....####.#..§g..
#..........#......
#@g....# #......
#∩.g..## #..)..[
#...g.# #......
#.....### #####.##
#.......###...).#.
#######.##....)...
#.....(.....
###.........
#.........


You could see 3 gnolls.

Vanquished Creatures
  Jessica (D:2)
  Terence (D:2)
  4 gnolls (D:3)
  An adder (D:2)
  2 worms (D:2)
  3 dart slugs
  2 bats (D:2)
  5 endoplasms
  3 giant cockroaches
  2 goblins (D:2)
  A hobgoblin (D:1)
  7 kobolds
  2 quokkas (D:2)
  5 ball pythons
  3 frilled lizards
  9 rats
51 creatures vanquished.

Vanquished Creatures (collateral kills)
  3 foxfires (D:2)
3 creatures vanquished.

Vanquished Creatures (others)
  233 foxfires
233 creatures vanquished.

Grand Total: 287 creatures vanquished

Notes
Turn   | Place    | Note
-------+----------+-------------------------------------------
     0 | D:1      | Reached skill level 3 in Spellcasting
     0 | D:1      | Reached skill level 3 in Conjurations
     0 | D:1      | Reached skill level 3 in Hexes
     0 | D:1      | Reached skill level 3 in Summonings
     0 | D:1      | Reached skill level 3 in Necromancy
     0 | D:1      | Reached skill level 3 in Translocations
     0 | D:1      | Reached skill level 3 in Transmutations
     0 | D:1      | Reached skill level 3 in Fire Magic
     0 | D:1      | Reached skill level 3 in Ice Magic
     0 | D:1      | Reached skill level 3 in Air Magic
     0 | D:1      | Reached skill level 3 in Earth Magic
     0 | D:1      | Reached skill level 3 in Poison Magic
     0 | D:1      | IndexError the Djinni Fire Elementalist began the quest for
                  | the Orb.
     0 | D:1      | IndexError set off with the following spells memorised:
                  | Foxfire, Scorch, Volatile Blastmotes, Inner Flame, Flame
                  | Wave.
     0 | D:1      | Reached XP level 1. HP: 15/15 MP: 0/0
   332 | D:1      | Reached XP level 2. HP: 18/21 MP: 0/0
   713 | D:1      | Found a faded altar of an unknown god.
  1047 | D:1      | Reached XP level 3. HP: 23/25 MP: 0/0
  1047 | D:1      | Learned a level 1 spell: Shock
  1696 | D:2      | Noticed Terence
  1709 | D:2      | Killed Terence
  1710 | D:2      | Reached skill level 4 in Spellcasting
  1710 | D:2      | Reached skill level 4 in Conjurations
  1710 | D:2      | Reached skill level 4 in Hexes
  1710 | D:2      | Reached skill level 4 in Summonings
  1710 | D:2      | Reached skill level 4 in Necromancy
  1710 | D:2      | Reached skill level 4 in Translocations
  1710 | D:2      | Reached skill level 4 in Transmutations
  1710 | D:2      | Reached skill level 4 in Fire Magic
  1710 | D:2      | Reached skill level 4 in Ice Magic
  1710 | D:2      | Reached skill level 4 in Air Magic
  1710 | D:2      | Reached skill level 4 in Earth Magic
  1710 | D:2      | Reached skill level 4 in Poison Magic
  1710 | D:2      | Reached XP level 4. HP: 20/31 MP: 0/0
  1778 | D:2      | Noticed Jessica
  1785 | D:2      | Killed Jessica
  1925 | D:2      | Reached XP level 5. HP: 31/35 MP: 0/0
  1925 | D:2      | Learned a level 2 spell: Static Discharge
  2254 | D:3      | Found Ysarej's Antique Armour Boutique.
  2322 | D:3      | HP: 5/35 [gnoll/+0 whip (7)]
  2332 | D:3      | HP: 3/35 [gnoll/+0 whip (4)]
  2336 | D:3      | Slain by a gnoll

Illustrated notes

Levels and vault maps discovered:
D:1:      dpeg_arrival_three_smaller_balls, layout_basic,
          chequers_ecumenical_altar_twisty
D:2:      layout_rooms, st_stairs_7, serial_bayou_crossing, uniq_terence,
          uniq_jessica
D:3:      layout_rooms, serial_shops, shop, shop, portal_sewer_entry_b

Skill      XL: |  1  2  3 |
---------------+----------+-----
Spellcasting   | 4 |  4.8
Conjurations   | 4 |  4.8
Hexes          | 4 |  4.8
Summonings     | 4 |  4.8
Necromancy     | 4 |  4.8
Translocations | 4 |  4.8
Transmutations | 4 |  4.8
Fire Magic     | 4 |  4.8
Ice Magic      | 4 |  4.8
Air Magic      | 4 |  4.8
Earth Magic    | 4 |  4.8
Poison Magic   | 4 |  4.8
Dodging        | |  2.1
Stealth        | |  1.5

Action                     |  1- 3 |  4- 6 || total
---------------------------+-------+-------++-------
  Melee: Dagger            |     3 |       ||     3
   Cast: Foxfire           |   100 |    54 ||   154
         Scorch            |     3 |    10 ||    13
 Armour: Robe              |     2 |     1 ||     3
  Dodge: Dodged            |     3 |     7 ||    10

Table legend: (Time is in decaauts)
 A = Elapsed time spent in this place.
 B = Non-inter-level travel time spent in this place.
 C = Inter-level travel time spent in this place.
 D = Time resting spent in this place.
 E = Time spent auto-exploring this place.
 F = Levels seen in this place.
 G = Mean time per level.
                   A        B        C        D        E       F      G
               +--------+--------+--------+--------+--------+-----+--------+
         Total |   2335 |   2140 |    195 |      0 |   1814 |   3 |  778.3 |
       Dungeon |   2335 |   2140 |    195 |      0 |   1814 |   3 |  778.3 |
               +--------+--------+--------+--------+--------+-----+--------+

Top non-repeatable levels by time:
     D:1: 1318 daAuts
     D:2: 932 daAuts
     D:3: 84 daAuts

Levels and vault maps discovered:
D:1:      dpeg_arrival_three_smaller_balls, layout_basic,
          chequers_ecumenical_altar_twisty
D:2:      layout_rooms, st_stairs_7, serial_bayou_crossing, uniq_terence,
          uniq_jessica
D:3:      layout_rooms, serial_shops, shop, shop, portal_sewer_entry_b

Table legend: (Time is in decaauts)
 A = Elapsed time spent in this place.
 B = Non-inter-level travel time spent in this place.
 C = Inter-level travel time spent in this place.
 D = Time resting spent in this place.
 E = Time spent auto-exploring this place.
 F = Levels seen in this place.
 G = Mean time per level.
                   A        B        C        D        E       F      G
               +--------+--------+--------+--------+--------+-----+--------+
         Total |   2335 |   2140 |    195 |      0 |   1814 |   3 |  778.3 |
       Dungeon |   2335 |   2140 |    195 |      0 |   1814 |   3 |  778.3 |
               +--------+--------+--------+--------+--------+-----+--------+

Top non-repeatable levels by time:
     D:1: 1318 daAuts
     D:2: 932 daAuts
     D:3: 84 daAuts

Table legend:
 A = Kills in this place as a percentage of kills in the entire game.
 B = Kills by you in this place as a percentage of kills by you in the entire game.
 C = Kills by friends in this place as a percentage of kills by friends in the entire game.
 D = Other kills in this place as a percentage of other kills in the entire game.
 E = Experience gained in this place as a percentage of experience gained in the entire game.
 F = Experience gained in this place divided by the number of levels of this place that you have seen.
                   A       B       C       D       E      F
               +-------+-------+-------+-------+-------+----------------------
         Total | 100.0 | 100.0 |   N/A |   N/A | 100.0 |  75.3
       Dungeon | 100.0 | 100.0 |   N/A |   N/A | 100.0 |  75.3
               +-------+-------+-------+-------+-------+----------------------
